 Dungeon Sprint DCSS version 0.22-a0-619-ga0c6fd2 (webtiles) character file.

8243 TheOrbIsALie the Phalangite (level 11, -7/103 HPs)
             Began as a Merfolk Berserker on July 14, 2018.
             Was the Champion of Trog.
             Killed by the air
             ... invoked by Gastronok
              (40 damage)
             ... in the Dungeon (Sprint III: "The Ten Rune Challenge").
             The game lasted 00:04:21 (1415 turns).

TheOrbIsALie the Phalangite (Merfolk Berserker)     Turns: 1415, Time: 00:04:22

Health: -7/103     AC:  5    Str: 17    XL:     11   Next: 27%
Magic:  11/11      EV: 27    Int:  7    God:    Trog [******]
Gold:   17         SH:  0    Dex: 17    Spells: 10/10 levels left

rFire    . . .     SeeInvis .   d - +2 glaive (venom)
rCold    . . .     Gourm    .   (shield currently unavailable)
rNeg     . . .     Faith    .   v - +2 robe {MR+}
rPois    +         Spirit   .   (no helmet)
rElec    .         Reflect  .   k - +0 cloak {rPois}
rCorr    .         Harm     .   (no gloves)
MR       +....     NoTele   +   (boots currently unavailable)
Stlth    ++++++....             (no amulet)
HPRegen  0.27/turn              (no ring)
MPRegen  0.12/turn              (no ring)

@: berserk cooldown, slowed, quick
A: change form in water, swift swim, stealthy swim
a: Berserk, Trog's Hand, Brothers in Arms, Renounce Religion


You were in the Dungeon.
You worshipped Trog.
Trog was exalted by your worship.
You were very hungry.

You visited 1 branch You collected 17 gold pieces.

Inventory:

Hand Weapons
 a - a +0 spear
 d - a +2 glaive of venom (weapon)
Armour
 k - a +0 cloak of poison resistance (worn)
 u - a +0 leather armour
 v - a +2 robe of magic resistance (worn)
Wands
 b - a wand of random effects (20)
Scrolls
 i - a scroll of blinking
 n - a scroll of immolation {unknown}
 o - 3 scrolls of identify
 p - 2 scrolls of remove curse
 r - 2 scrolls of holy word {unknown}
 s - a scroll of amnesia {unknown}
Potions
 e - 3 potions of heal wounds
 f - a potion of haste
 g - 3 potions of magic
 h - 2 potions of berserk rage
 j - a potion of ambrosia {unknown}
 m - 2 potions of mutation {unknown}
 q - 3 potions of flight
 t - a potion of might
Comestibles
 c - 4 rations
 l - 10 chunks of flesh


   Skills:
 + Level 15.4 Fighting
 + Level 22.1 Polearms
 + Level 4.6 Armour
 + Level 12.8 Dodging
 + Level 11.9 Stealth


You had 10 spell levels left.
You didn't know any spells.
Your spell library was empty.

Dungeon Overview and Level Annotations

Branches:
Dungeon (1/1)

Altars:
Cheibriados
Dithmenos
Elyvilon
Fedhas
Gozag
Hepliaklqana
Kikubaaqudgha
Makhleb
Nemelex Xobeh
Okawaru
Qazlal
Ru
Sif Muna
Trog
Uskayaw
Vehumet
Wu Jian
Xom
Yredelemnul
Zin
The Shining One
Beogh
Jiyva
Lugonu

Annotations:
D Gastronok


Message History

Your cyclops goes berserk!
You are feeling very hungry.
What are your orders? t - Shout!
Orders for allies: a - Attack new target. r - Retreat! s - Stop attacking. g - Guard the area. f - Follow me.
Anything else - Cancel.
Gang up on whom?
Press: ? - help, Dir - move target cursor, f - Gastronok
Aim: Gastronok, wearing a glowing hat Attack!
Your cyclops hits Gastronok!! Your cyclops hits Gastronok!!!
Your cyclops hits Gastronok!!!
Gastronok casts a spell.
Gastronok puts on a burst of speed!
Your cyclops hits Gastronok. x2
Gastronok waves his eye-stalks in wide circles.
The air twists around and strikes you!
You die...

##..##....#).....#)###__#..
#..###..##.#.....#.:.#__#..
#(.# #.. ####....#___#__'..
▓▓▓▓▓▓▓▓▓▓▓▓▓▓▓▓▓▓▓▓▓▓▓▓▓▓▓
▓...'≈≈≈.≈≈§≈≈♣♣.....♣♣♣♣≈≈
▓..P#†§§§≈§≈≈≈♣♣.≈≈≈≈'♣♣'♣≈
▓YPP#≈†§C§§÷≈≈≈'....÷#.≈♣♣♣
▓Y.P#)≈w§≈§≈≈≈♣♣♣♣♣♣♣#..♣
▓..w#≈§≈≈≈@.≈≈♣ ###+
▓##+####+######


You could see Gastronok and a friendly cyclops (berserk).

Vanquished Creatures
  2 dire elephants (D)
  Erolcha (D)
  A deep elf mage (D)
  2 elephants (D)
  2 spiny frogs (D)
  A rime drake (D)
  A komodo dragon (D)
  3 wandering mushrooms (D)
  5 blink frogs (D)
  2 redbacks (D)
  A shadow (D)
  A spatial vortex (D)
  A swamp drake (D)
  A necrophage (D)
  5 two-headed ogres (D)
  A water elemental (D)
  A wizard (D)
  A jelly (D)
  Crazy Yiuf (D)
  A necromancer (D)
  A kobold demonologist (D)
  3 humans (D)
  An ooze (D)
  3 rats (D)
42 creatures vanquished.

Vanquished Creatures (others)
  2 draconian scorchers (D)
  6 hellions (D)
  A yaktaur (D)
  An electric eel (D)
  2 plants (D)
12 creatures vanquished.

Grand Total: 54 creatures vanquished

Notes
Turn   | Place    | Note
-------+----------+-------------------------------------------
     0 | D        | TheOrbIsALie the Merfolk Berserker began the quest for the Orb.
     0 | D        | Reached XP level 1. HP: 18/18 MP: 1/1
    15 | D        | Reached skill level 5 in Polearms
    30 | D        | Reached ** piety under Trog
    42 | D        | Reached XP level 2. HP: 25/25 MP: 2/2
    48 | D        | Noticed Crazy Yiuf
    53 | D        | Killed Crazy Yiuf
    53 | D        | Reached skill level 5 in Fighting
    53 | D        | Reached skill level 7 in Polearms
    53 | D        | Reached skill level 1 in Stealth
    53 | D        | Reached XP level 3. HP: 33/33 MP: 3/3
    74 | D        | Killed a hellion
    81 | D        | Killed a yaktaur
    96 | D        | Noticed a water elemental
   103 | D        | Killed a water elemental
   103 | D        | Reached *** piety under Trog
   103 | D        | Reached skill level 9 in Polearms
   103 | D        | Reached skill level 5 in Dodging
   103 | D        | Reached XP level 4. HP: 41/41 MP: 4/4
   103 | D        | Reached XP level 5. HP: 47/47 MP: 5/5
   124 | D        | Killed a hellion
   130 | D        | Killed a white draconian scorcher
   145 | D        | Killed a hellion
   146 | D        | Killed a hellion
   167 | D        | Found a radiant altar of Vehumet.
   167 | D        | Found a deep blue altar of Sif Muna.
   167 | D        | Found an ancient bone altar of Kikubaaqudgha.
   174 | D        | Reached skill level 10 in Polearms
   177 | D        | Reached **** piety under Trog
   184 | D        | Killed a white draconian scorcher
   213 | D        | Killed a hellion
   225 | D        | Found a glowing silver altar of Zin.
   225 | D        | Found a glowing golden altar of the Shining One.
   225 | D        | Found a white marble altar of Elyvilon.
   225 | D        | Noticed a deep elf mage
   227 | D        | Noticed a smoke demon
   235 | D        | Killed a deep elf mage
   235 | D        | Reached skill level 14 in Polearms
   235 | D        | Reached XP level 6. HP: 59/59 MP: 6/6
   235 | D        | Reached XP level 7. HP: 64/64 MP: 7/7
   271 | D        | Killed a hellion
   279 | D        | Found a hide-covered altar of Uskayaw.
   279 | D        | Found a roughly hewn altar of Beogh.
   279 | D        | Found an iron altar of Okawaru.
   279 | D        | Found a bloodstained altar of Trog.
   279 | D        | Found an ornate altar of the Wu Jian Council.
   279 | D        | Noticed a human
   279 | D        | Noticed a human
   286 | D        | Killed a human
   296 | D        | Killed a human
   296 | D        | Reached skill level 10 in Fighting
   296 | D        | Reached skill level 15 in Polearms
   296 | D        | Reached skill level 5 in Stealth
   420 | D        | Found a basalt altar of Yredelemnul.
   420 | D        | Found a shadowy altar of Dithmenos.
   420 | D        | Found a sacrificial altar of Ru.
   423 | D        | Reached ***** piety under Trog
   427 | D        | Reached XP level 8. HP: 73/73 MP: 8/8
   519 | D        | Noticed a shadow
   531 | D        | Killed a shadow
   531 | D        | Reached skill level 16 in Polearms
   597 | D        | Found a blossoming altar of Fedhas.
   597 | D        | Found a stormy altar of Qazlal.
   597 | D        | Found a snail-covered altar of Cheibriados.
   597 | D        | Found a burning altar of Makhleb.
   597 | D        | Found a shimmering altar of Xom.
   598 | D        | Found a hazy altar of Hepliaklqana.
   598 | D        | Found an opulent altar of Gozag.
   598 | D        | Found a sparkling altar of Nemelex Xobeh.
   598 | D        | Found a corrupted altar of Lugonu.
   598 | D        | Found a viscous altar of Jiyva.
   684 | D        | Received a gift from Trog
   726 | D        | Noticed a two-headed ogre
   736 | D        | Killed a two-headed ogre
   736 | D        | Reached skill level 17 in Polearms
   736 | D        | Reached XP level 9. HP: 82/82 MP: 9/9
   788 | D        | Noticed a two-headed ogre
   788 | D        | Noticed Erolcha
   795 | D        | Killed Erolcha
   795 | D        | Reached skill level 18 in Polearms
   795 | D        | Reached skill level 10 in Dodging
   804 | D        | Killed a two-headed ogre
   874 | D        | Reached skill level 19 in Polearms
   918 | D        | Noticed a wandering mushroom
   923 | D        | Noticed a wandering mushroom
   942 | D        | Killed a wandering mushroom
   942 | D        | Reached ****** piety under Trog
   943 | D        | Noticed a wandering mushroom
   961 | D        | Killed a wandering mushroom
   961 | D        | Reached XP level 10. HP: 78/92 MP: 10/10
  1064 | D        | Noticed a spiny frog
  1064 | D        | Noticed a spiny frog
  1073 | D        | Killed a spiny frog
  1073 | D        | Received a gift from Trog
  1078 | D        | Killed a spiny frog
  1078 | D        | Reached skill level 20 in Polearms
  1078 | D        | Reached skill level 10 in Stealth
  1287 | D        | Reached skill level 21 in Polearms
  1381 | D        | Noticed an elephant
  1382 | D        | Noticed an elephant
  1382 | D        | Noticed a dire elephant
  1382 | D        | Noticed a dire elephant
  1382 | D        | Noticed Gastronok
  1388 | D        | Killed an elephant
  1388 | D        | Received a gift from Trog
  1394 | D        | Killed an elephant
  1402 | D        | Killed a dire elephant
  1402 | D        | Reached skill level 15 in Fighting
  1402 | D        | Reached XP level 11. HP: 96/102 MP: 11/11
  1408 | D        | Killed a dire elephant
  1408 | D        | Reached skill level 22 in Polearms
  1415 | D        | Killed from afar by Gastronok

Vault maps used:
D:        dungeon_sprint_mu

Skill      XL: |  1  2  3  4  5  6  7  8  9 10 11 |
---------------+----------------------------------+-----
Polearms       | 5 7 9 14 15 17 19 21 22 | 22.1
Dodging        | 3 5 7 8 9 11 12 | 12.8
Fighting       | 4 5 6 9 10 11 13 15 | 15.4
Armour         | 2 3 4 |  4.6
Stealth        | 1 2 4 5 6 9 11 | 11.9

Action                   |  1- 3 |  4- 6 |  7- 9 | 10-12 || total
-------------------------+-------+-------+-------+-------++-------
Melee: Spear             |    29 |    16 |   141 |    45 ||   231
       Glaive            |       |       |       |    42 ||    42
       Tailslap          |       |       |       |     9 ||     9
Invok: Berserk           |     2 |     2 |     7 |     3 ||    14
       Brothers in Arms  |       |       |       |     1 ||     1
  Use: Potion            |       |       |     1 |       ||     1
 Stab: Sleeping          |     2 |       |     3 |     1 ||     6
  Eat: Chunk             |       |     1 |     9 |     4 ||    14
Armor: Animal skin       |     2 |     2 |       |       ||     4
       Robe              |       |       |       |     1 ||     1
Dodge: Dodged            |     9 |     3 |    21 |    27 ||    60

Table legend:
 A = Spawn XP
 B = Non-spawn XP
 C = Spawn XP percentage of total XP
 D = Spawn monster count
 E = Non-spawn monster count
 F = Spawn count percentage of total count
 G = Total turns spent on level
                    A         B        C        D         E        F      G
               +---------+---------+-------+---------+---------+-------+---------
         Total |       0 |   11777 |   0.0 |       0 |      42 |   0.0 |  1415
               +---------+---------+-------+---------+---------+-------+---------
             D |       0 |   11777 |   0.0 |       0 |      42 |   0.0 |  1415
               +---------+---------+-------+---------+---------+-------+---------
